Map: Proxima Station LE

Players

MaNa - Winner!

  • Race: Protoss Protoss
  • Spawn Location: 7:00

ViBE

  • Race: Zerg Zerg
  • Spawn Location: 1:00

Event: WCS Austin 2017

VOD

Have the link to the VOD?

Description

Time

  • Played on: April 28, 2017, 5:22 p.m.
  • Length: 9:17

All games in this series

Show
View Real Time Build Order
Export as new Build Order

MaNa Protoss - Winner!

Build Orders: 1 Gate Expand, Oracle Opening 

Get SALT Encoding   

  12  0:00  Probe (Chrono Boost)  
  13  0:11  Probe (Chrono Boost)  
  14  0:21  Pylon  
  14  0:22  Probe (Chrono Boost)  
  15  0:39  Probe (Chrono Boost), Gateway  
  16  0:44  Assimilator  
  16  0:49  Probe (Chrono Boost)  
  17  1:00  Probe (Chrono Boost)  
  18  1:10  Probe (Chrono Boost)  
  19  1:24  Nexus  
  19  1:31  Cybernetics Core  
  19  1:35  Probe (Chrono Boost)  
  20  1:40  Assimilator  
  20  1:45  Probe (Chrono Boost)  
  21  1:51  Pylon  
  21  1:56  Probe (Chrono Boost)  
  22  2:07  Probe (Chrono Boost)  
  22  2:08  Warp Gate  
  23  2:15  Stalker  
  25  2:19  Probe (Chrono Boost)  
  26  2:31  Probe (Chrono Boost)  
  26  2:36  Stargate  
  27  2:38  Probe (Chrono Boost)  
  27  2:42  Probe (Chrono Boost)  
  29  2:45  Adept  
  29  2:48  Probe (Chrono Boost)  
  32  2:53  Probe (Chrono Boost)  
  33  2:59  Probe (Chrono Boost)  
  33  3:03  Probe (Chrono Boost)  
  35  3:06  Twilight Council  
  35  3:09  Probe (Chrono Boost)  
  36  3:13  Gateway  
  36  3:14  Probe (Chrono Boost)  
  36  3:17  Gateway  
  37  3:23  Oracle  
  37  3:24  Probe x2 (Chrono Boost)  
  42  3:35  Probe (Chrono Boost), Resonating Glaives  
  42  3:37  Probe (Chrono Boost), Pylon  
  44  3:46  Pylon  
  46  3:48  Probe (Chrono Boost)  
  46  3:50  Probe (Chrono Boost)  
  46  3:52  Assimilator  
  46  3:54  Assimilator  
  46  3:59  Probe (Chrono Boost)  
  46  4:02  Probe (Chrono Boost)  
  48  4:11  Probe (Chrono Boost)  
  48  4:12  Adept  
  48  4:13  Adept x2  
  48  4:14  Probe (Chrono Boost)  
  56  4:18  Pylon  
  56  4:21  Oracle  
  56  4:22  Probe (Chrono Boost)  
  57  4:26  Probe (Chrono Boost)  
  61  4:36  Probe (Chrono Boost)  
  63  4:38  Probe (Chrono Boost)  
  63  4:39  Adept x3  
  69  4:50  Pylon  
  69  4:51  Pylon  
  69  4:58  Nexus  
  69  5:08  Adept x3  
  75  5:32  Adept  
  75  5:33  Probe (Chrono Boost), Adept x2  
  82  5:36  Robotics Facility  
  82  5:38  Robotics Facility  
  82  5:40  Probe (Chrono Boost)  
  79  5:44  Probe (Chrono Boost)  
  78  5:52  Probe (Chrono Boost)  
  78  5:54  Forge  
  78  5:55  Probe (Chrono Boost)  
  80  5:58  Adept x3  
  81  6:05  Probe x2 (Chrono Boost)  
  82  6:16  Probe x2 (Chrono Boost)  
  82  6:17  Probe (Chrono Boost)  
  82  6:18  Protoss Ground Weapons Level 1  
  85  6:19  Sentry x3  
  85  6:25  Immortal x2  
  89  6:27  Probe (Chrono Boost)  
  89  6:28  Probe (Chrono Boost)  
  99  6:40  Probe (Chrono Boost)  
  99  6:41  Probe (Chrono Boost)  
  99  6:44  Sentry  
  101  6:47  Pylon  
  101  6:50  Gateway x2  
  101  6:53  Charge  
  101  6:54  Gateway  
  101  7:00  Warp Prism  
  101  7:05  Observer  
  101  7:07  Gateway  
  101  7:08  Gateway  
  106  7:15  Probe x2 (Chrono Boost)  
  106  7:21  Assimilator, Pylon  
  106  7:22  Pylon  
  106  7:23  Assimilator, Pylon  
  106  7:34  Immortal  
  106  7:36  Pylon  
  106  7:37  Immortal  
  114  7:52  Zealot x6  
  114  7:55  Pylon  
  114  7:56  Pylon  
  114  7:57  Pylon  
  126  8:13  Zealot x6  
  114  8:34  Zealot x3  
  114  8:35  Zealot x2  
  114  8:39  Probe (Chrono Boost)  
  115  8:43  Zealot x2  
  115  8:47  Templar Archives  
  123  8:55  Stalker x6  
Show
View Real Time Build Order
Export as new Build Order

ViBE Zerg 

Build Orders: Hatch First 

Get SALT Encoding   

  12  0:00  Drone  
  13  0:13  Overlord  
  13  0:20  Drone  
  14  0:31  Drone  
  14  0:32  Drone  
  16  0:37  Drone  
  17  0:54  Hatchery  
  17  0:56  Drone  
  17  1:09  Spawning Pool  
  16  1:12  Drone  
  17  1:19  Drone  
  17  1:20  Drone  
  19  1:29  Drone  
  20  1:43  Hatchery  
  20  1:46  Drone  
  20  1:56  Queen  
  22  2:05  Queen  
  24  2:13  Zergling x2  
  24  2:14  Drone x2  
  27  2:17  Drone  
  27  2:22  Overlord  
  28  2:39  Queen  
  28  2:40  Drone x4  
  34  2:46  Overlord  
  34  2:53  Queen  
  34  2:56  Overlord  
  36  3:01  Extractor  
  36  3:02  Extractor  
  36  3:04  Drone  
  36  3:05  Drone x2  
  37  3:09  Overlord  
  37  3:14  Drone x2  
  38  3:21  Drone x3  
  41  3:28  Drone x4  
  41  3:33  Overlord  
  45  3:37  Drone  
  45  3:38  Drone  
  47  3:42  Overlord  
  47  3:48  Lair  
  47  3:52  Drone  
  47  3:53  Drone x2  
  47  3:55  Drone  
  51  4:01  Drone x3  
  54  4:05  Overlord  
  54  4:09  Overlord  
  54  4:13  Roach Warren  
  53  4:19  Drone  
  53  4:20  Drone x4  
  58  4:30  Drone x4  
  58  4:31  Drone x3  
  62  4:35  Drone  
  62  4:40  Spore Crawler  
  62  4:42  Spore Crawler  
  60  4:46  Spore Crawler  
  60  4:47  Drone x2  
  61  4:55  Drone x7  
  68  5:05  Overseer  
  68  5:09  Roach  
  68  5:10  Roach x6  
  82  5:15  Evolution Chamber  
  82  5:16  Evolution Chamber  
  82  5:20  Roach x2  
  82  5:28  Roach x3  
  81  5:35  Glial Reconstitution  
  69  5:45  Drone x9  
  77  5:53  Drone  
  77  5:54  Drone x3  
  70  6:07  Drone x6  
  73  6:15  Drone x2  
  72  6:28  Drone x6  
  72  6:32  Extractor  
  77  6:33  Extractor  
  77  6:34  Queen  
  78  6:48  Extractor  
  78  6:49  Drone x5, Extractor  
  78  6:53  Drone  
  82  7:01  Overlord x4  
  82  7:10  Infestation Pit  
  82  7:12  Queen  
  82  7:19  Drone, Spine Crawler  
  82  7:20  Drone x6  
  88  7:27  Spine Crawler  
  88  7:28  Spine Crawler  
  86  7:34  Drone x6  
  92  7:48  Drone x3  
  92  7:49  Hive  
  95  7:54  Spire  
  95  7:58  Drone x2  
  96  8:00  Drone, Spine Crawler x2  
  96  8:02  Ravager x4  
  96  8:03  Ravager x2  
  101  8:10  Spine Crawler  
  91  8:33  Roach x14  
  91  8:34  Roach  
  81  8:56  Roach x9  
Tags
 
Add a new tag
Caveats
  • Supply blocks, unpowered buildings, or Contaminate may cause inaccurate times.
  • Supply counts are checked every 10 seconds.